 Dungeon Crawl Stone Soup version 0.19.0-19-g8c6edcc (webtiles) character file.

109 gurubrony the Cudgeler (level 4, 0/45 HPs)
             Began as a Troll Berserker on Nov 12, 2016.
             Was a Believer of Trog.
             Slain by a hobgoblin
             ... wielding a +0 club
              (3 damage)
             ... on level 3 of the Dungeon.
             The game lasted 00:17:57 (2727 turns).

gurubrony the Cudgeler (Troll Berserker)            Turns: 2727, Time: 00:17:58

Health: 0/45       AC:  5    Str: 26    XL:     4   Next: 59%
Magic:  3/3        EV: 10    Int:  3    God:    Trog [**....]
Gold:   149        SH:  0    Dex:  9    Spells: 0 memorised, 3 levels left

rFire  . . .     SeeInvis .     a - +0 mace
rCold  . . .     Gourm    +     b - +0 animal skin
rNeg   . . .     Faith    .     (no shield)
rPois  .         Spirit   .     (helmet restricted)
rElec  .         Reflect  .     (no cloak)
rCorr  .         Harm     .     (gloves unavailable)
MR     .....                    (boots unavailable)
Stlth  ++........               h - amulet of the gourmand
                                (no ring)
                                w - ring of stealth

@: lethally poisoned (0 -> 0)
A: unfitting armour, claws 3, fast metabolism 3, gourmand, regeneration 1,
shaggy fur 1, tough skin 2
a: Berserk, Trog's Hand, Burn Spellbooks, Renounce Religion


You were on level 3 of the Dungeon.
You worshipped Trog.
Trog was pleased with you.
You were not hungry.

You visited 1 branch of the dungeon, and saw 3 of its levels.

You collected 149 gold pieces.

Inventory:

Hand Weapons
 a - a +0 mace (weapon)
 e - a +0 spear
Armour
 b - a +0 animal skin (worn)
Jewellery
 h - an amulet of the gourmand (around neck)
 w - a ring of stealth (left claw)
Scrolls
 d - a scroll of random uselessness {unknown}
 f - a scroll of magic mapping {unknown}
 g - a scroll of blinking {unknown}
 i - a scroll of identify {unknown}
 j - a scroll of teleportation {unknown}
 l - 2 scrolls of immolation {unknown}
 o - a scroll of recharging {unknown}
 q - a scroll of enchant weapon {unknown}
Potions
 c - a potion of cure mutation {unknown}
 m - a potion of haste {unknown}
 n - a potion of ambrosia {unknown}
 p - a potion of resistance {unknown}
 r - a potion of magic {unknown}
 s - a potion of heal wounds {unknown}
 t - 2 potions of agility {unknown}
Comestibles
 k - a meat ration


   Skills:
 + Level 3.2 Fighting
 + Level 3.7 Maces & Flails
 + Level 3.0 Dodging


You had 3 spell levels left.
You didn't know any spells.

Dungeon Overview and Level Annotations

Branches:
Dungeon (3/15)

Altars:
Kikubaaqudgha

Portals:
Sewer: D:3


Innate Abilities, Weirdness & Mutations

You are too large for most types of armour.
You have claws for hands.
Your metabolism is lightning-fast.
You like to eat raw meat.
Your natural rate of healing is unusually fast.
You are covered in fur. (AC +1)
You have very tough skin. (AC +2)


Message History

The hobgoblin hits you with a club. x2
Things that are here:
a short sword; a ring mail; an orc corpse The hobgoblin hits you with a club.
The orc hits you with a short sword of venom!
You are poisoned.
Found 11 gold pieces.
You barely miss the orc.
You feel sick. The hobgoblin hits you with a club.
The orc completely misses you.
You barely miss the orc.
You feel sick. The hobgoblin hits you with a club.
* * * LOW HITPOINT WARNING * * *
The orc barely misses you. The hobgoblin hits you with a club.
* * * LOW HITPOINT WARNING * * *
You feel sick. The hobgoblin barely misses you.
Things that are here:
a short sword; a ring mail; an orc corpse You feel sick.
You see here a glowing dagger.
You feel sick. The hobgoblin hits you with a club.
You die...

...........###... ###########.
#######....#.....####..........
# #....#.##....##........# #####
##.###.##....##........#
....###..###.##....##..<.....###
##...#.###..##....##........#.#
#..#.......# #..).###...#...#.#.
##..........#
#.og.#...#.###.)...
...#..##....#
#.@)...###.###.##.# ####..
#....# ##.##.## #.....# .# #
#..##....## #....# #.###.# .# ##
..........###..######.# #..#.#
.##.####..#....#..####...#
##.#.#
.##.####.##......###....## .#.#
.##..........#...).....## .#..
.............###..###...# .#
............................ ..


You could see an orc and a hobgoblin.

Vanquished Creatures
  An orc wizard (D:3)
  An adder (D:2)
  2 oozes (D:2)
  A worm (D:2)
  2 dart slugs (D:1)
  2 leopard geckos (D:1)
  2 orcs (D:3)
  8 goblins
  7 hobgoblins
  4 jackals (D:1)
  6 kobolds
  A quokka (D:2)
  8 bats
  2 frilled lizards
  8 rats
55 creatures vanquished.

Notes
Turn   | Place    | Note
-------+----------+-------------------------------------------
     0 | D:1      | gurubrony the Troll Berserker began the quest for the Orb.
     0 | D:1      | Reached XP level 1. HP: 22/22 MP: 0/0
   196 | D:1      | Reached XP level 2. HP: 29/29 MP: 1/1
   668 | D:1      | Reached XP level 3. HP: 36/36 MP: 2/2
   845 | D:1      | Reached ** piety under Trog
  1680 | D:2      | Found an ancient bone altar of Kikubaaqudgha.
  1697 | D:2      | Reached XP level 4. HP: 42/45 MP: 3/3
  2401 | D:3      | Found a glowing drain.
  2727 | D:3      | Slain by a hobgoblin

Skill      XL: |  1  2  3  4 |
---------------+-------------+-----
Maces & Flails | 3 |  3.7
Fighting       | 3 |  3.2
Dodging        | 3 |  3.0

Action                   |  1- 3 |  4- 6 || total
-------------------------+-------+-------++-------
Melee: Mace              |   145 |    51 ||   196
  Eat: Bread ration      |     2 |     1 ||     3
       Meat ration       |     1 |     1 ||     2
       Beef jerky        |     1 |       ||     1
Armor: Animal skin       |   102 |    18 ||   120
Dodge: Dodged            |   116 |    17 ||   133
